 Dungeon Crawl Stone Soup version 0.23.0 (webtiles) character file.

Game seed: 11275503482200750111

2444 Morbidden the Cleaver (level 9, -17/68 HPs)
             Began as a Demonspawn Fighter on Feb 15, 2019.
             Was a Believer of Cheibriados.
             Demolished by a very large slime creature (36 damage)
             ... on level 7 of the Dungeon.
             The game lasted 00:11:39 (5488 turns).

Morbidden the Cleaver (Demonspawn Fighter)          Turns: 5488, Time: 00:11:39

Health: -17/68     AC: 10    Str: 29    XL:     9   Next: 25%
Magic:  0/14       EV:  6    Int: 16    God:    Cheibriados [**....]
Gold:   401        SH: 11    Dex: 17    Spells: 15/15 levels left

rFire    . . .     SeeInvis .   a - +0 war axe
rCold    . . .     Gourm    .   c - +0 shield
rNeg     . . .     Faith    .   g - +0 plate armour
rPois    .         Spirit   +   n - +0 helmet
rElec    .         Reflect  .   (no cloak)
rCorr    .         Harm     .   d - +0 pair of gloves
MR       .....                  (no boots)
Stlth    ..........             B - amulet of the acrobat
HPRegen  0.21/turn              (no ring)
MPRegen  0.14/turn              (no ring)

@: mighty, about to teleport, corroded, very slow
A: powered by death 1, magic shield, sturdy frame 1
a: Bend Time, Renounce Religion


You were on level 7 of the Dungeon.
You worshipped Cheibriados.
Cheibriados was pleased with you.
You were hungry.

You visited 1 branch of the dungeon, and saw 7 of its levels.

You collected 401 gold pieces.

Inventory:

Hand Weapons
 a - a +0 war axe (weapon)
Armour
 c - a +0 shield (worn)
 d - a +0 pair of gloves (worn)
 g - a +0 plate armour (worn)
 n - a +0 helmet (worn)
Jewellery
 B - an amulet of the acrobat (around neck)
Wands
 q - a wand of random effects (18)
 x - a wand of iceblast (17)
 y - a wand of polymorph (7)
 C - a wand of acid (9)
Scrolls
 e - 3 scrolls of immolation
 h - 3 scrolls of teleportation
 i - 6 scrolls of remove curse
 u - 2 scrolls of amnesia {unknown}
 v - a scroll of blinking {unknown}
 w - 3 scrolls of identify {unknown}
Potions
 b - a potion of magic {unknown}
 j - 2 potions of haste {unknown}
 k - a potion of lignification {unknown}
 l - 2 potions of berserk rage {unknown}
 m - a potion of curing
 p - a potion of flight {unknown}
 r - a potion of heal wounds {unknown}
 s - a potion of agility {unknown}
 t - 2 potions of invisibility {unknown}
 A - a potion of mutation {unknown}
Comestibles
 f - 14 rations


   Skills:
 * Level 5.2 Fighting
 * Level 8.0 Axes
 + Level 5.0 Armour
 + Level 0.5 Dodging
 + Level 4.3 Shields
 * Level 3.6 Spellcasting
 * Level 3.8 Invocations


You had 15 spell levels left.
You didn't know any spells.
Your spell library contained the following spells:

 Spells                   Type           Power        Failure   Level  Hunger
 Magic Dart               Conj           #...         99%         1    None
 Blink                    Tloc           N/A          100%        2    ##.....
 Call Imp                 Summ           #.......     100%        2    ##.....
 Slow                     Hex            #.......     100%        2    ##.....
 Conjure Flame            Conj/Fire      #.......     100%        3    ###....
 Mephitic Cloud           Conj/Pois/Air  #.......     100%        3    ###....


Dungeon Overview and Level Annotations

Branches:
Dungeon (7/15)             Temple (0/1) D:7

Altars:
Ashenzari
Cheibriados
Elyvilon
Hepliaklqana
Makhleb
Nemelex Xobeh
Yredelemnul
Beogh

Shops:
D:6 [

Annotations:
D:4 3 runed translucent doors, P0WERM0DE's ghost, amateur DDFi; tensugalgo's ghost, amateur NaAs


Innate Abilities, Weirdness & Mutations

You regenerate a little health from kills.
When hurt, damage is shared between your health and your magic reserves.
Your movements are slightly less encumbered by armour. (ER -2)


Message History

You hit the large slime creature.
The large slime creature is lightly wounded.
You block the large slime creature's attack.
Two slime creatures merge to form a very large slime creature.
Unknown command.
Unknown command.
Unknown command.
Unknown command.
Okay, then.
Unknown command.
As you read the scroll of fear, it crumbles to dust.
You assume a fearsome visage.
The ooze looks frightened!
The very large slime creature easily resists.
Unknown command.
You see here a kobold corpse.
As you read the scroll of teleportation, it crumbles to dust.
You feel strangely unstable.
The very large slime creature hits you!!!
Ouch! That really hurt!
You die...

........############
#.....(..... ........#
#.÷.÷....%
#.#.######## #########
#....÷..÷.
#.#.........
#...P.....
#.#.######## #####
#.....÷.P.
#.#.######## .....
#JP÷JJP...
#.#......... .#
#÷..PJJ...
#.#.######## #J#######
#.........(.
##J.J@.(####........##
########(# #..#####.##
#.[..'..## #..# #....
#....#### #..# #.)..
#.......# #..# #..†.
## #.......# #..#
##)## .# #.......#
#..#####)## .#
#.......####.........#
.#
##...).###....###.....


You could see a very large slime creature, a jelly and an ooze (fleeing).

Vanquished Creatures
  A water moccasin (D:7)
  Duvessa (D:4)
  An ice beast (D:5)
  2 phantoms (D:6)
  2 ogres (D:7)
  An eye of draining (D:7)
  5 big kobolds
  3 bullfrogs
  Dowan (D:4)
  3 scorpions
  5 crimson imps
  2 centaur zombies
  A bullfrog zombie (D:5)
  A quasit (D:7)
  2 hounds
  An orc wizard (D:5)
  2 jellies
  An orc priest (D:3)
  2 iguanas
  Ijyb (D:3)
  3 worker ants
  A hound skeleton (D:4)
  Robin (D:3)
  9 gnolls
  7 adders
  3 shadow imps
  3 oozes
  5 adder skeletons
  4 worms
  A dart slug (D:5)
  2 leopard geckos
  18 orcs
  2 ball pythons
  2 giant cockroaches
  13 goblins
  8 hobgoblins
  7 jackals
  18 kobolds
  3 quokkas
  5 bats
  3 frilled lizards
  A leopard gecko skeleton (D:5)
  6 rats
163 creatures vanquished.

Vanquished Creatures (others)
  2 fungi (D:7)
  9 toadstools (D:7)
  2 withered plants (D:4)
13 creatures vanquished.

Grand Total: 176 creatures vanquished

Notes
Turn   | Place    | Note
-------+----------+-------------------------------------------
     0 | D:1      | Morbidden the Demonspawn Fighter began the quest for the
                  | Orb.
     0 | D:1      | Reached XP level 1. HP: 18/18 MP: 1/1
     4 | D:1      | Noticed an electric eel
   201 | D:1      | Reached skill level 2 in Axes
   201 | D:1      | Gained mutation: You regenerate a little health from kills.
                  | [demonic ancestry]
   201 | D:1      | Reached XP level 2. HP: 18/24 MP: 2/2
   987 | D:2      | Reached XP level 3. HP: 23/29 MP: 3/3
  1203 | D:2      | Reached skill level 3 in Axes
  1207 | D:2      | Gained mutation: When hurt, damage is shared between your
                  | health and your magic reserves. [demonic ancestry]
  1207 | D:2      | Reached XP level 4. HP: 35/35 MP: 4/4
  1507 | D:2      | Found a sparkling altar of Nemelex Xobeh.
  1534 | D:2      | Found a burning altar of Makhleb.
  1943 | D:3      | Noticed Ijyb
  1956 | D:3      | Reached XP level 5. HP: 31/41 MP: 5/5
  1972 | D:3      | Killed Ijyb
  2040 | D:3      | Found a roughly hewn altar of Beogh.
  2040 | D:3      | Noticed Robin
  2054 | D:3      | Reached skill level 4 in Axes
  2057 | D:3      | Killed Robin
  2057 | D:3      | Reached skill level 1 in Spellcasting
  2434 | D:4      | Found a hazy altar of Hepliaklqana.
  2496 | D:4      | Reached XP level 6. HP: 47/47 MP: 7/7
  2779 | D:4      | Noticed Duvessa
  2779 | D:4      | Noticed Dowan
  2813 | D:4      | Killed Duvessa
  2833 | D:4      | Killed Dowan
  2833 | D:4      | Reached skill level 5 in Axes
  2833 | D:4      | Reached XP level 7. HP: 23/53 MP: 2/9
  2922 | D:4      | Found a runed translucent gate.
  2923 | D:4      | Noticed tensugalgo's ghost (amateur NaAs)
  2923 | D:4      | Noticed P0WERM0DE's ghost (amateur DDFi)
  2924 | D:4      | Found a runed translucent gate.
  2924 | D:4      | Found a runed translucent gate.
  3211 | D:5      | Entered Level 5 of the Dungeon
  3235 | D:5      | Found a snail-covered altar of Cheibriados.
  3313 | D:5      | Became a worshipper of Cheibriados the Contemplative
  3484 | D:5      | Reached skill level 6 in Axes
  3694 | D:5      | Reached skill level 1 in Invocations
  3706 | D:5      | Found a basalt altar of Yredelemnul.
  3912 | D:6      | Found a shattered altar of Ashenzari.
  3971 | D:6      | Gained mutation: Your movements are slightly less
                  | encumbered by armour. (ER -2) [demonic ancestry]
  3971 | D:6      | Reached XP level 8. HP: 31/61 MP: 9/11
  4209 | D:6      | Reached * piety under Cheibriados
  4241 | D:6      | Found Byoczougri's Antique Armour Shoppe.
  4539 | D:6      | Identified the +8 falchion of the Tooth {vamp, *Rage rPois
                  | Int+6}
  4860 | D:7      | Reached skill level 7 in Axes
  4936 | D:7      | Found a white marble altar of Elyvilon.
  4986 | D:7      | Reached skill level 5 in Fighting
  5184 | D:7      | Reached ** piety under Cheibriados
  5196 | D:7      | Reached XP level 9. HP: 64/68 MP: 13/13
  5217 | D:7      | Found a staircase to the Ecumenical Temple.
  5450 | D:7      | Reached skill level 8 in Axes
  5450 | D:7      | Reached skill level 5 in Armour
  5488 | D:7      | Demolished by a very large slime creature

Skill      XL: |  1  2  3  4  5  6  7  8  9 |
---------------+----------------------------+-----
Axes           | 2 3 4 5 6 7 8 |  8.0
Shields        | 3 4 |  4.3
Armour         | 3 4 5 |  5.0
Spellcasting   | 1 2 3 |  3.6
Fighting       | 4 5 |  5.2
Invocations    | 1 3 |  3.8
Dodging        | |  0.5

Action                   |  1- 3 |  4- 6 |  7- 9 || total
-------------------------+-------+-------+-------++-------
Melee: War axe           |   120 |   206 |   359 ||   685
Evoke: Wand              |       |       |     3 ||     3
  Use: Potion            |       |     3 |     3 ||     6
       Scroll            |       |     4 |     2 ||     6
  Eat: Chunk             |     1 |     5 |     8 ||    14
Armor: Plate armour      |   110 |   203 |   223 ||   536
       Scale mail        |     1 |       |       ||     1
Dodge: Dodged            |    19 |    24 |    59 ||   102
Block: Shield            |    74 |   143 |   164 ||   381
